 Dungeon Crawl Stone Soup version 0.27-a0-323-gbd089401bb (webtiles) character file.

Game seed: 11824254046442253378

66 dickylongcocking the Skirmisher (level 3, -1/29 HPs)
             Began as a Demonspawn Monk on Feb 11, 2021.
             Slain by a gnoll
             ... wielding a +0 whip
              (6 damage)
             ... on level 1 of the Dungeon.
             The game lasted 00:01:06 (1804 turns).

dickylongcocking the Skirmisher (Demonspawn Monk)   Turns: 1804, Time: 00:01:07

Health: -1/29      AC:  5    Str: 12    XL:     3   Next: 96%
Magic:  3/3        EV: 11    Int: 11    God:
Gold:   106        SH:  0    Dex: 15    Spells: 2/2 levels left

rFire    . . .     SeeInvis .   a - +0 hand axe
rCold    . . .     Faith    .   (no shield)
rNeg     . . .     Spirit   .   l - +0 ring mail
rPois    .         Reflect  .   (helmet restricted)
rElec    .         Harm     .   (no cloak)
rCorr    .         Rampage  .   (no gloves)
Will     .....                  (no boots)
Stlth    +.........             (no amulet)
HPRegen  0.09/turn              (no ring)
MPRegen  0.08/turn              (no ring)

@: no status effects
A: antennae 1
a: no special abilities


You were on level 1 of the Dungeon.
You visited 1 branch of the dungeon, and saw 2 of its levels.

You collected 106 gold pieces.

Inventory:

Hand Weapons
 a - a +0 hand axe (weapon)
Armour
 b - a +0 robe
 l - a +0 ring mail (worn)
Wands
 o - a wand of paralysis (8)
Scrolls
 c - 3 scrolls of fear {unknown}
 d - 2 scrolls of teleportation {unknown}
 e - a scroll of random uselessness {unknown}
 g - a scroll of amnesia {unknown}
 h - a scroll of enchant armour {unknown}
 i - 2 scrolls of enchant weapon {unknown}
 k - a scroll of blinking {unknown}
 m - a scroll of immolation {unknown}
Potions
 f - a potion of resistance {unknown}


   Skills:
 * Level 3.6 Fighting
 * Level 3.3 Axes
 - Level 3.1 Dodging
 - Level 2.1 Stealth


You had 2 spell levels left.
You didn't know any spells.
Your spell library was empty.

Dungeon Overview and Level Annotations

Branches:
Dungeon (2/15)

Altars:


Innate Abilities, Weirdness & Mutations

You have a pair of small antennae on your head.


Message History

There are monsters nearby!
The gnoll hits you with a +0 spear.
You barely miss the gnoll. The gnoll hits you with a +0 spear.
You slash the gnoll!
The gnoll is heavily wounded.
The gnoll barely misses you.
You hit the gnoll.
The gnoll is severely wounded.
The gnoll barely misses you. The gnoll closely misses you.
You hit the gnoll.
The gnoll is almost dead.
The gnoll hits you but does no damage.
You hit the gnoll.
You kill the gnoll!
The dart slug launches a dart at you.
The slug dart hits you but does no damage.
You hit the dart slug but do no damage. You completely miss the gnoll.
The gnoll hits you with a +0 whip. The dart slug bites you.
You hit the dart slug.
The dart slug is moderately wounded.
You barely miss the gnoll. The gnoll barely misses you.
The dart slug launches a dart at you. The slug dart hits you.
You hit the dart slug.
The dart slug is severely wounded.
You completely miss the gnoll. The gnoll hits you with a +0 whip!
The gnoll hits you from afar with a +0 spear!
* * * LOW HITPOINT WARNING * * *
Unknown command.
The dart slug barely misses you.
The gnoll throws a throwing net.
The throwing net closely misses you.
There is a stone staircase leading up here.
The gnoll closely misses you.
You climb upwards.
There is a stone staircase leading down here.
Unknown command.
You hit the gnoll.
The gnoll is lightly wounded.
The gnoll hits you with a +0 whip.
You die...

#........................#.#
#............#....)...####.#
....##.#######.............#
...###....###..........#####
...# ##................#
.).####....(...........#
.....................).######
...####.....................#
#...# ########..@...........#
##..#### #####g............#
#.....####.................#
#.###.#.......#....####.####
##.......##...###...#....#
..............###.....####
##.###..#...........### #.#
##..........#..#
##.####.......#.##.##


You could see a gnoll.

Vanquished Creatures
  A gnoll (D:2)
  3 adders (D:2)
  A worm (D:2)
  2 giant cockroaches (D:1)
  3 hobgoblins
  2 jackals (D:2)
  6 kobolds
  2 bats
  2 frilled lizards (D:1)
  3 goblins (D:1)
  4 rats
29 creatures vanquished.

Notes
Turn   | Place    | Note
-------+----------+-------------------------------------------
     0 | D:1      | dickylongcocking the Demonspawn Monk began the quest for
                  | the Orb.
     0 | D:1      | Reached XP level 1. HP: 18/18 MP: 1/1
   388 | D:1      | Gained mutation: You have a pair of small antennae on your
                  | head. [demonic ancestry]
   388 | D:1      | Reached XP level 2. HP: 14/24 MP: 2/2
   990 | D:2      | Reached XP level 3. HP: 23/29 MP: 3/3
  1804 | D:1      | Slain by a gnoll

Illustrated notes

Levels and vault maps discovered:
D:1:      tarquinn_simple_flora_water_c, layout_rooms
D:2:      layout_rooms

Skill      XL: |  1  2 |
---------------+-------+-----
Axes           | 3 |  3.3
Stealth        | 2 |  2.1
Dodging        | 3 |  3.1
Fighting       | |  3.6

Action                   || total
-------------------------++-------
Melee: Hand axe          ||   117
  Use: Potion            ||     2
 Stab: Sleeping          ||     5
Armor: Robe              ||     9
       Ring mail         ||    20
Dodge: Dodged            ||    65

Table legend: (Time is in decaauts)
 A = Elapsed time spent in this place.
 B = Non-inter-level travel time spent in this place.
 C = Inter-level travel time spent in this place.
 D = Time resting spent in this place.
 E = Time spent auto-exploring this place.
 F = Levels seen in this place.
 G = Mean time per level.
                   A        B        C        D        E       F      G
               +--------+--------+--------+--------+--------+-----+--------+
         Total |   1821 |   1753 |     68 |    374 |   1078 |   2 |  910.5 |
       Dungeon |   1821 |   1753 |     68 |    374 |   1078 |   2 |  910.5 |
               +--------+--------+--------+--------+--------+-----+--------+

Top non-repeatable levels by time:
     D:1: 979 daAuts
     D:2: 842 daAuts
